 Dungeon Crawl Stone Soup version 0.31-a0-846-gb3bcc0d938 (webtiles) character file.

Game seed: 15305333134115001899

574 Nedwor the Slasher (level 7, 0/54 HPs)
             Began as a Demonspawn Gladiator on Oct 4, 2023.
             Was a Believer of Uskayaw.
             Succumbed to a water moccasin's poison
             ... on level 5 of the Dungeon.
             The game lasted 00:05:18 (4072 turns).

Nedwor the Slasher (Demonspawn Gladiator)           Turns: 4072, Time: 00:05:19

Health: 0/54       AC:  7    Str: 15    XL:     7   Next: 12%
Magic:  7/7        EV: 13    Int:  9    God:    Uskayaw [**....]
Gold:   305        SH:  0    Dex: 16    Spells: 6/6 levels left

rFire   . . .        o - +0 dagger
rCold   . . .        (no shield)
rNeg    + . .        b - +0 leather armour
rPois   .            c - +0 helmet
rElec   .            (no cloak)
rCorr   .            t - +0 pair of gloves
SInv    .            (no boots)
Will    .....        (no amulet)
Stlth   +            l - ring of positive energy
HPRegen 0.29/turn    (no ring)
MPRegen 0.10/turn

%: no passive effects
@: lethally poisoned (0 -> -5)
A: thin metallic scales 1, powered by pain 1, spiny 1, demonic touch 2
a: Renounce Religion, Stomp, Line Pass


You were on level 5 of the Dungeon.
You worshipped Uskayaw.
Uskayaw was noncommittal.
You visited 2 branches of the dungeon, and saw 6 of its levels.

You collected 305 gold pieces.

Inventory:

Hand Weapons
 a - a +0 long sword of electrocution
 o - a +0 dagger (weapon)
Missiles
 d - 3 throwing nets (quivered)
 e - a javelin
Armour
 b - a +0 leather armour (worn)
 c - a +0 helmet (worn)
 t - a +0 pair of gloves (worn)
Jewellery
 l - a ring of positive energy (left hand)
Wands
 h - a wand of paralysis (8)
Scrolls
 i - 5 scrolls of amnesia
 m - a scroll of teleportation
 r - a scroll of blinking
Potions
 g - a potion of enlightenment {unknown}
 j - a potion of heal wounds {unknown}
 k - a potion of ambrosia
 n - 2 potions of curing
 s - a potion of haste {unknown}


   Skills:
 + Level 4.1 Fighting
 * Level 5.5 Long Blades
 - Level 1.7 Throwing
 + Level 4.3 Dodging
 + Level 1.1 Invocations


You had 6 spell levels left.
You didn't know any spells.
Your spell library contained the following spells:

 Spells                   Type           Power      Damage    Failure   Level
 Summon Small Mammal      Summ           0%         N/A       45%         1
 Call Canine Familiar     Summ           0%         N/A       83%         3
 Frozen Ramparts          Ice            0%         1d1       83%         3
 Summon Guardian Golem    Hex/Summ       0%         N/A       83%         3
 Petrify                  Tmut/Erth      0%         N/A       99%         4
 Metabolic Englaciation   Hex/Ice        0%         N/A       100%        5


Dungeon Overview and Level Annotations

Branches:
Dungeon (5/15)             Temple (1/1) D:5

Altars:
Ashenzari
Cheibriados
Fedhas
Gozag
Hepliaklqana
Kikubaaqudgha
Makhleb
Nemelex Xobeh
Okawaru
Qazlal
Ru
Sif Muna
Trog
Uskayaw
Vehumet
Wu Jian
Xom

Shops:
D:1 (


Innate Abilities, Weirdness & Mutations

You are partially covered in thin metallic scales. (AC +2)
You sometimes gain a little power by taking damage.
You are partially covered in sharp spines.
Your touch may inflict irresistible damage on your foes.


Message History

The water moccasin barely misses you. The orc completely misses you.
You can no longer pass through a line of other dancers.
You miss the water moccasin.
You touch the water moccasin!
The water moccasin is almost dead.
The water moccasin bites you but does no damage.
The orc hits you from afar with a +0 trident.
The water moccasin bites you.
You are poisoned.
The water moccasin poisons you!
You can now pass through a line of other dancers.
You hit the water moccasin.
The water moccasin is almost dead.
You feel very sick. The orc hits you with a +0 club. The orc barely misses you.
The water moccasin bites you but does no damage.
You closely miss the water moccasin. Your touch misses the water moccasin.
The water moccasin is almost dead.
You feel sick. The orc hits you with a +0 club.
* * * LOW HITPOINT WARNING * * *
The water moccasin closely misses you. The orc completely misses you.
You barely miss the water moccasin. Your touch misses the water moccasin.
The water moccasin is almost dead.
You feel sick.
The water moccasin bites you but does no damage.
The orc hits you but does no damage. The orc barely misses you.
You closely miss the water moccasin.
The water moccasin is almost dead.
You feel sick. The water moccasin bites you!
* * * LOW HITPOINT WARNING * * *
The orc hits you but does no damage.
Unknown command.
You hit the water moccasin.
You kill the water moccasin!
* * * LOW HITPOINT WARNING * * *
You feel sick. The orc barely misses you. The orc closely misses you.
Your Invocations skill increases to level 1!
You have reached level 7!
Your demonic ancestry asserts itself...
Sharp spines emerge from parts of your body.
You die...

.....#..#.#..##..#
...#..#..#.#..##...
.......#..#.#..#....
#####.##..#.#..#..#.
#. ...............#.
#. ##.###.#.##.##.#.
#.####.#####>........
#.#..................
#.#.@..#######.......
#.#†o.## #.......
####.#o..####
#####.#.
#...).......# #.##
..............# #...
###...........# ...#
#........$..# .
#...........#
#...........#


You could see 2 orcs.

Vanquished Creatures
  A water moccasin (D:5)
  A centaur (D:5)
  A scorpion (D:4)
  A hound (D:4)
  2 orc priests (D:4)
  2 iguanas
  3 orc wizards
  3 adders
  An ufetubus (D:5)
  A worm (D:3)
  A dart slug (D:3)
  6 orcs
  3 ball pythons
  3 bats
  6 endoplasms
  4 giant cockroaches
  6 goblins
  8 hobgoblins
  2 jackals (D:3)
  5 kobolds
  7 quokkas
  2 frilled lizards
  6 rats
75 creatures vanquished.

Vanquished Creatures (others)
  An orc (D:4)
1 creature vanquished.

Grand Total: 76 creatures vanquished

Notes
Turn   | Place    | Note
-------+----------+-------------------------------------------
     0 | D:1      | Nedwor the Demonspawn Gladiator began the quest for the
                  | Orb.
     0 | D:1      | Reached XP level 1. HP: 16/16 MP: 1/1
    72 | D:1      | Reached skill level 3 in Long Blades
   110 | D:1      | Gained mutation: You are partially covered in thin metallic
                  | scales. (AC +2) [demonic ancestry]
   110 | D:1      | Reached XP level 2. HP: 17/22 MP: 2/2
   512 | D:1      | Found Agouqib's Antique Weapon Shop.
   890 | D:2      | Gained mutation: Your touch may inflict minor irresistible
                  | damage on your foes. [demonic ancestry]
   890 | D:2      | Reached XP level 3. HP: 28/28 MP: 3/3
  1359 | D:3      | Reached XP level 4. HP: 30/34 MP: 4/4
  1609 | D:3      | Reached skill level 4 in Long Blades
  2399 | D:4      | Gained mutation: You sometimes gain a little power by
                  | taking damage. [demonic ancestry]
  2399 | D:4      | Reached XP level 5. HP: 39/41 MP: 5/5
  2472 | D:4      | Gained mutation: Your touch may inflict irresistible damage
                  | on your foes. [demonic ancestry]
  2472 | D:4      | Reached XP level 6. HP: 34/47 MP: 6/6
  2787 | D:4      | Reached skill level 5 in Long Blades
  3201 | D:5      | Entered Level 5 of the Dungeon
  3409 | D:5      | Found a staircase to the Ecumenical Temple.
  3511 | Temple   | Entered the Ecumenical Temple
  3627 | Temple   | Became a worshipper of Uskayaw the Reveller
  4052 | D:5      | Noticed a water moccasin
  4054 | D:5      | Reached * piety under Uskayaw
  4058 | D:5      | Reached ** piety under Uskayaw
  4070 | D:5      | HP: 2/48 [water moccasin (7)]
  4071 | D:5      | Killed a water moccasin
  4072 | D:5      | Reached skill level 1 in Invocations
  4072 | D:5      | Gained mutation: You are partially covered in sharp spines.
                  | [demonic ancestry]
  4072 | D:5      | Reached XP level 7. HP: 1/54 MP: 7/7
  4072 | D:5      | Succumbed to a water moccasin's poison

Illustrated notes

Levels and vault maps discovered:
D:1:      amcnicky_arrival_double_pillar, layout_loops_ring, serial_shops,
          nicolae_shop_competitors_out_of_business
D:2:      minmay_alternating_diamond, layout_rooms
D:3:      layout_basic
D:4:      layout_loops_ring, serial_bayou, serial_bayou_lagoon_b,
          serial_bayou_crossing, serial_bayou_shore_a, serial_bayou_pond_c,
          serial_bayou_shore_b, serial_bayou_lake_a
D:5:      layout_basic, minmay_temple_entry_large_hall, minmay_misc_feat_chi,
          amcnicky_mini_rare_corridor_liquid
Temple:   mainiacjoe_temple_cubbyholes

Skill      XL: |  1  2  3  4  5  6 |
---------------+-------------------+-----
Long Blades    | 3 4 5 |  5.5
Dodging        | 3 4 |  4.3
Fighting       | 3 4 |  4.1
Invocations    | 1 |  1.1
Throwing       | |  1.7

Action                     |  1- 3 |  4- 6 |  7- 9 || total
---------------------------+-------+-------+-------++-------
  Melee: Long sword        |    86 |    87 |       ||   173
         Touch             |     6 |    17 |       ||    23
         Punch             |       |     2 |       ||     2
         Dagger            |       |    15 |       ||    15
    Use: Scroll            |       |    13 |       ||    13
         Potion            |       |     1 |       ||     1
   Stab: Invisible         |       |     3 |       ||     3
         Sleeping          |       |     1 |       ||     1
 Armour: Leather armour    |    48 |    69 |       ||   117
  Dodge: Dodged            |    50 |    83 |       ||   133

Table legend: (Time is in decaauts)
 A = Elapsed time spent in this place.
 B = Non-inter-level travel time spent in this place.
 C = Inter-level travel time spent in this place.
 D = Time resting spent in this place.
 E = Time spent auto-exploring this place.
 F = Levels seen in this place.
 G = Mean time per level.
                   A        B        C        D        E       F      G
               +--------+--------+--------+--------+--------+-----+--------+
         Total |   4175 |   3863 |    312 |    282 |   2884 |   6 |  695.8 |
       Dungeon |   4016 |   3747 |    269 |    282 |   2884 |   5 |  803.2 |
        Temple |    159 |    116 |     43 |      0 |      0 |   1 |  159.0 |
               +--------+--------+--------+--------+--------+-----+--------+

Top non-repeatable levels by time:
     D:4: 1285 daAuts
     D:3: 1046 daAuts
     D:1: 646 daAuts
     D:2: 611 daAuts
     D:5: 427 daAuts
  Temple: 159 daAuts
